 Dungeon Crawl Stone Soup version 0.26.1-11-gd32895ea62 (webtiles) character file.

Game seed: 15121644377549966029

763 patchburns1 the Skirmisher (level 7, -3/50 (63) HPs)
             Began as a Hill Orc Fighter on June 6, 2021.
             Was an Initiate of Beogh.
             Killed from afar by Happyhead's ghost (4 damage)
             ... with a magic dart
             ... on level 4 of the Dungeon.
             The game lasted 00:18:11 (5323 turns).

patchburns1 the Skirmisher (Hill Orc Fighter)       Turns: 5323, Time: 00:18:12

HP:   -3/50 (63)    AC: 14    Str: 19    XL:     7   Next: 81%
MP:   9/9           EV:  7    Int: 10    God:    Beogh [......]
Gold: 253           SH:  9    Dex: 10    Spells: 6/6 levels left

rFire    + + .     SeeInvis .   a - +0 war axe
rCold    x . .     Faith    .   c - +0 kite shield
rNeg     . . .     Spirit   .   b - +0 fire dragon scales
rPois    .         Reflect  .   s - +2 helmet
rElec    .         Harm     .   A - +0 cloak
rCorr    .         Rampage  .   (no gloves)
Will     .....                  (no boots)
Stlth    ..........             t - amulet of inaccuracy
HPRegen  0.16/turn              (no ring)
MPRegen  0.11/turn              (no ring)

@: heavily drained
A: no striking features
a: Renounce Religion


You were on level 4 of the Dungeon.
You worshipped Beogh.
Beogh was noncommittal.
You visited 2 branches of the dungeon, and saw 5 of its levels.

You collected 253 gold pieces.

Inventory:

Hand Weapons
 a - a +0 war axe (weapon)
 p - a +0 hunting sling
 w - a +0 vorpal spear
Missiles
 e - 14 javelins
 j - 8 sling bullets
 k - 149 stones
 l - 6 poisoned darts (quivered)
Armour
 b - +0 fire dragon scales (worn)
 c - a +0 kite shield (worn)
 f - a +0 ring mail of positive energy
 s - a +2 helmet (worn)
 A - a +0 cloak (worn)
Jewellery
 t - an amulet of inaccuracy (around neck)
Wands
 u - a wand of iceblast (6)
 y - a wand of flame (14)
Scrolls
 g - a scroll of teleportation
 m - a scroll of fog {unknown}
 n - 2 scrolls of identify {unknown}
 o - 4 scrolls of remove curse
 q - a scroll of magic mapping {unknown}
 v - a scroll of fear {unknown}
 x - a scroll of blinking {unknown}
 z - a scroll of noise {unknown}
Potions
 d - a potion of might
 h - a potion of curing {unknown}
 i - a potion of invisibility {unknown}
 r - 2 potions of lignification {unknown}


   Skills:
 * Level 6.1 Fighting
 + Level 5.6 Axes
 + Level 4.8 Armour
 + Level 1.8 Dodging
 + Level 4.4 Shields
 * Level 3.6 Invocations
 + Level 1.7 Evocations


You had 6 spell levels left.
You didn't know any spells.
Your spell library was empty.

Dungeon Overview and Level Annotations

Branches:
Dungeon (4/15)             Temple (1/1) D:4

Altars:
Ashenzari
Cheibriados
Dithmenos
Elyvilon
Fedhas
Kikubaaqudgha
Nemelex Xobeh
Okawaru
Ru
Sif Muna
Trog
Vehumet
Wu Jian
Zin
The Shining One

Annotations:
D:4 Happyhead's ghost, amateur DrCj; jlumianski's ghost, amateur FeSu; vvl's ghost, amateur NaTm


Message History

Happyhead's ghost is almost destroyed.
Happyhead's ghost says, "You must not succeed where I failed!"
Happyhead's ghost hits you but does no damage.
You feel drained.
You miss Happyhead's ghost.
Happyhead's ghost is almost destroyed.
The crimson imp disappears in a puff of smoke!
Happyhead's ghost points at you and mumbles some strange words.
The magic dart hits you.
* * * LOW HITPOINT WARNING * * *
You miss Happyhead's ghost.
Happyhead's ghost is severely damaged.
Happyhead's ghost casts a spell at you. The magic dart hits you.
* * * LOW HITPOINT WARNING * * *
Happyhead's ghost hits you but does no damage.
You feel drained. Happyhead's ghost casts a spell at you.
The magic dart hits you.
You die...

.##......#.......#.......''...'..
.##......#.......#...######...#'#
.##......#.......#...#?8.)##.)...
#####...#####......#.#....8##....
# #○§§# #......#.#......#.... #
#☼§.# #......#.'.....♣#.... #
#○°§# #........'.....⌠#....
#####...#####...##...'.....♣#....
..○§.....○°§....@###.#.....?##...
.°§☼.....§§§.....'WW.#....8# #...
..○☼.....☼○§.[...###.#.8$$####...
#####...#####....#...######.###..
#○○.# #....#..........# #.. #.○☼#
#...............# #.. #☼○°#
#...............###..
#####...#####....................
#................##############'#


You could see Happyhead's ghost and vvl's ghost.

Vanquished Creatures
  The ghost of Zeld the Sneak, an amateur SpBr (D:3)
  The ghost of Zeld the Insei, a weakling OpTm (D:4)
  2 howler monkeys (D:4)
  A bullfrog zombie (D:3)
  Crazy Yiuf (D:4)
  2 hounds (D:4)
  4 orc wizards
  Terence (D:3)
  A worker ant (D:4)
  A hound skeleton (D:3)
  Robin (D:2)
  11 gnolls
  A howler monkey skeleton (D:3)
  8 adders
  An adder skeleton (D:3)
  4 worms
  A dart slug (D:1)
  3 leopard geckos
  7 orcs
  2 ball pythons (D:1)
  5 giant cockroaches
  13 hobgoblins
  11 jackals
  A quokka (D:3)
  3 bats
  5 frilled lizards
  9 goblins
  8 kobolds
  A quokka skeleton (D:4)
  13 rats
123 creatures vanquished.

Vanquished Creatures (others)
  A centaur skeleton (D:4)
  A leopard gecko (D:4)
  An orc (D:4)
  A quokka (D:4)
  A ball python (D:4)
  A frilled lizard (D:4)
6 creatures vanquished.

Grand Total: 129 creatures vanquished

Notes
Turn   | Place    | Note
-------+----------+-------------------------------------------
     0 | D:1      | patchburns1 the Hill Orc Fighter began the quest for the
                  | Orb.
     0 | D:1      | Reached XP level 1. HP: 19/19 MP: 1/1
   166 | D:1      | Reached skill level 4 in Fighting
   178 | D:1      | Reached XP level 2. HP: 27/27 MP: 2/2
   622 | D:2      | Reached XP level 3. HP: 33/34 MP: 3/3
   907 | D:2      | Noticed Robin
   939 | D:2      | Killed Robin
   940 | D:2      | Reached XP level 4. HP: 25/41 MP: 4/4
  2079 | D:3      | Found a transporter.
  2082 | D:3      | Found a transporter.
  2082 | D:3      | Noticed Zeld's ghost (amateur SpBr)
  2082 | D:3      | Noticed Terence
  2094 | D:3      | Killed Terence
  2095 | D:3      | Reached skill level 1 in Dodging
  2095 | D:3      | Reached XP level 5. HP: 47/47 MP: 5/5
  2186 | D:3      | Reached skill level 5 in Fighting
  2413 | D:3      | Reached skill level 5 in Axes
  2488 | D:3      | Reached XP level 6. HP: 52/56 MP: 6/6
  3209 | D:3      | Reached skill level 1 in Invocations
  3240 | D:3      | Killed Zeld's ghost
  3368 | D:4      | Became a worshipper of Beogh the Brigand
  3484 | D:4      | Found a runed translucent gate.
  3484 | D:4      | Found a runed translucent gate.
  3484 | D:4      | Found a runed translucent gate.
  3492 | D:4      | Reached skill level 1 in Evocations
  3496 | D:4      | Noticed Zeld's ghost (weakling OpTm)
  3496 | D:4      | Noticed jlumianski's ghost (amateur FeSu)
  3496 | D:4      | Noticed vvl's ghost (amateur NaTm)
  3496 | D:4      | Noticed Happyhead's ghost (amateur DrCj)
  3523 | D:4      | Reached XP level 7. HP: 41/61 MP: 8/8
  4266 | D:4      | Reached * piety under Beogh
  4397 | D:4      | Found a staircase to the Ecumenical Temple.
  4406 | Temple   | Entered the Ecumenical Temple
  4567 | D:4      | Reached skill level 6 in Fighting
  4693 | D:4      | Found a glowing golden altar of the Shining One.
  4711 | D:4      | Found a runed translucent door.
  4712 | D:4      | Noticed Crazy Yiuf
  5081 | D:4      | Killed Crazy Yiuf
  5139 | D:4      | Found a glowing silver altar of Zin.
  5308 | D:4      | Killed Zeld's ghost
  5322 | D:4      | HP: 1/51 [Happyhead's ghost/magic dart (6)]
  5323 | D:4      | Killed from afar by Happyhead's ghost

Illustrated notes

Levels and vault maps discovered:
D:1:      psy_arrival_terrarium, layout_basic
D:2:      minmay_razor_zed, layout_loops_corners, uniq_robin
D:3:      layout_basic, gammafunk_ghost_mausoleum, uniq_terence
D:4:      layout_basic, nicolae_overflow_hidden_temple,
          minmay_temple_entry_statues_fountains, gammafunk_ghost_cemetery,
          lemuel_flame_loot_1, uniq_crazy_yiuf_cottage
Temple:   cyrus_circular_temple

Skill      XL: |  1  2  3  4  5  6  7 |
---------------+----------------------+-----
Fighting       | 4 5 6 |  6.1
Axes           | 3 4 5 |  5.6
Armour         | 4 |  4.8
Dodging        | 1 |  1.8
Invocations    | 2 3 |  3.6
Shields        | 4 |  4.4
Evocations     | 1 |  1.7

Action                   |  1- 3 |  4- 6 |  7- 9 || total
-------------------------+-------+-------+-------++-------
Melee: War axe           |    84 |   237 |   211 ||   532
Throw: Dart              |       |       |    10 ||    10
Invok: Convert to Beogh  |       |     1 |       ||     1
  Use: Scroll            |       |     1 |     1 ||     2
Armor: Ring mail         |    25 |    15 |       ||    40
       Fire dragon scale |       |   126 |   158 ||   284
Dodge: Dodged            |    34 |    70 |    76 ||   180
Block: Kite shield       |    37 |   129 |   144 ||   310
